 Dungeon Crawl Stone Soup version 0.25-a0-166-g16436c4407 (webtiles) character file.

Game seed: 839164198326504600, levelgen mode: deterministic

44 Leeroy the Conjurer (level 3, -4/26 HPs)
             Began as a Draconian Conjurer on Nov 23, 2019.
             Killed by nerve-wracking pain
             ... invoked by Grinder
              (7 damage)
             ... on level 3 of the Dungeon.
             The game lasted 00:04:39 (1596 turns).

Leeroy the Conjurer (Draconian Conjurer)            Turns: 1596, Time: 00:04:40

Health: -4/26      AC:  5    Str: 11    XL:     3   Next: 41%
Magic:  1/6        EV: 12    Int: 15    God:
Gold:   31         SH:  0    Dex: 11    Spells: 4/6 levels left

rFire    + . .     SeeInvis .   j - -1 short sword (curse)
rCold    + . .     Gourm    .   (no shield)
rNeg     . . .     Faith    .   (armour unavailable)
rPois    +         Spirit   .   (helmet restricted)
rElec    +         Reflect  .   (no cloak)
rCorr    +         Harm     .   (no gloves)
MR       .....                  (no boots)
Stlth    ++........             (no amulet)
HPRegen  0.08/turn              l - ring of poison resistance
MPRegen  0.10/turn              i - ring of flight

@: resistant, very slightly contaminated
A: unfitting armour, cold-blooded, AC +5
a: Evoke Flight


You were on level 3 of the Dungeon.
You were hungry.

You visited 1 branch of the dungeon, and saw 3 of its levels.

You collected 31 gold pieces.

Inventory:

Hand Weapons
 c - a +0 whip
 h - a +0 flail
 j - a cursed -1 short sword (weapon)
 m - a +0 spear
 o - a +0 dagger
 q - a +0 flail
Jewellery
 i - a ring of flight (right hand)
 l - a ring of poison resistance (left hand)
Scrolls
 e - a scroll of blinking
Potions
 n - 2 potions of curing {unknown}
Comestibles
 b - 6 rations


   Skills:
 - Level 1.7 Dodging
 - Level 1.7 Stealth
 - Level 2.0 Spellcasting
 + Level 5.2 Conjurations


You had 4 spell levels left.
You knew the following spells:

 Your Spells              Type           Power        Failure   Level  Hunger
b - Searing Ray           Conj           ###...       3%          2    ###....

Your spell library contained the following spells:

 Spells                   Type           Power        Failure   Level  Hunger
 Magic Dart               Conj           ###.         2%          1    #......
 Dazzling Spray           Conj/Hex       #.....       22%         3    ###....
 Iskenderun's Mystic Bla  Conj           ###.....     26%         4    #####..
 Force Lance              Conj/Tloc      #.......     58%         4    #####..
 Fulminant Prism          Conj/Hex       #.........   58%         4    #####..


Dungeon Overview and Level Annotations

Branches:
Dungeon (3/15)

Altars:

Annotations:
D:3 Grinder


Innate Abilities, Weirdness & Mutations

Your plain brown scales are hard. (AC +5)
You cannot fit into any form of body armour.
You are cold-blooded and may be slowed by cold attacks.


Message History

Okay, then.
Casting: Searing Ray (safe; 4% risk of failure)
Confirm with . or Enter, or press ? or * to list all spells.
Aiming: Searing Ray (safe; 4% risk of failure)
Press: ? - help, Shift-Dir - straight line, f - Grinder
Aim: Grinder The searing ray hits the jackal.
You kill the jackal! (Press . to maintain the ray.)
The hobgoblin misses you.
The jackal bites you but does no damage.
The searing ray hits the jackal.
You kill the jackal!
The hobgoblin hits you but does no damage.
Without enough magic to sustain it, your searing ray dissipates.
The hobgoblin barely misses you. Grinder closely misses you.
The hobgoblin hits you but does no damage.
Grinder gestures at you. Pain shoots through your body!
You die... ...############ #...Sg@5.....# ...##########..

You could see Grinder, an adder and a hobgoblin.

Vanquished Creatures
  A gnoll (D:3)
  A leopard gecko (D:1)
  3 orcs (D:3)
  A ball python (D:3)
  A bat (D:1)
  3 goblins (D:1)
  2 hobgoblins (D:1)
  7 jackals
  4 frilled lizards
  2 kobolds (D:1)
  2 rats (D:1)
27 creatures vanquished.

Vanquished Creatures (others)
  A plant (D:3)
1 creature vanquished.

Grand Total: 28 creatures vanquished

Notes
Turn   | Place    | Note
-------+----------+-------------------------------------------
     0 | D:1      | Leeroy the Draconian Conjurer began the quest for the Orb.
     0 | D:1      | Reached XP level 1. HP: 14/14 MP: 3/3
   490 | D:1      | Reached XP level 2. HP: 20/20 MP: 1/5
   570 | D:1      | Learned a level 2 spell: Searing Ray
  1539 | D:3      | Reached skill level 5 in Conjurations
  1546 | D:3      | Reached XP level 3. HP: 21/26 MP: 1/6
  1581 | D:3      | Noticed Grinder
  1596 | D:3      | Killed from afar by Grinder

Levels and vault maps discovered:
D:1:      evilmike_arrival_hilbert_curve, layout_basic, st_stairs_5,
          minmay_pentomino_p4
D:2:      layout_basic, tso_altar
D:3:      layout_loops_ring, serial_bayou, serial_bayou_pond_e,
          serial_bayou_pond_d, serial_bayou_pond_d, serial_bayou_pond_e,
          serial_bayou_shore_b, serial_bayou_shore_b, uniq_grinder

Skill      XL: |  1  2 |
---------------+-------+-----
Conjurations   | 5 |  5.2
Dodging        | |  1.7
Stealth        | |  1.7
Spellcasting   | |  2.0

Action                   || total
-------------------------++-------
Melee: Unarmed           ||    24
       Tailslap          ||     4
       Short sword       ||    48
       Whip              ||    14
 Cast: Magic Dart        ||    26
       Searing Ray       ||     4
  Use: Scroll            ||     7
       Potion            ||     1
 Stab: Sleeping          ||     1
  Eat: Chunk             ||     2
Armor: Skin              ||    31
Dodge: Dodged            ||    65

Table legend:
 A = Non-vault XP
 B = Vault XP
 C = Vault XP percentage of total XP
 D = Non-vault monster count
 E = Vault monster count
 F = Vault count percentage of total count
                 A         B        C        D         E       F
            +---------+---------+-------+---------+---------+-------
      Total |      57 |       7 |  10.9 |      22 |       5 |  18.5
            +---------+---------+-------+---------+---------+-------
        D:1 |      24 |       7 |  22.6 |      13 |       5 |  27.8
        D:2 |       1 |       0 |   0.0 |       1 |       0 |   0.0
        D:3 |      32 |       0 |   0.0 |       8 |       0 |   0.0
            +---------+---------+-------+---------+---------+-------
